 Dungeon Crawl Stone Soup version 0.20.1-1-g8b1a95d (webtiles) character file.

31 letownia2 the Grave Robber (level 3, -2/28 HPs)
             Began as a Deep Dwarf Necromancer on Dec 4, 2017.
             Slain by an orc
             ... wielding a +0 club
              (3 damage)
             ... on level 4 of the Dungeon.
             The game lasted 00:01:59 (726 turns).

letownia2 the Grave Robber (Deep Dwarf Necromancer)  Turns: 726, Time: 00:02:00

Health: -2/28      AC:  2    Str: 11    XL:     3   Next: 7%
Magic:  3/6        EV: 12    Int: 16    God:
Gold:   80         SH:  0    Dex: 13    Spells: 3/7 levels left

rFire    . . .     SeeInvis .   a - +0 dagger
rCold    + . .     Gourm    .   (no shield)
rNeg     . . .     Faith    .   e - +0 robe
rPois    .         Spirit   .   (no helmet)
rElec    .         Reflect  .   (no cloak)
rCorr    .         Harm     .   (no gloves)
MR       +....                  (no boots)
Stlth    ++........             (no amulet)
Regen    0.0/turn               h - ring of protection from magic
MPRegen  0.1/turn               j - ring of protection from cold

@: non-regenerating
A: damage resistance, heal wounds, sense surroundings 1, no regeneration
a: Heal Wounds


You were on level 4 of the Dungeon.
You were not hungry.

You visited 1 branch of the dungeon, and saw 4 of its levels.

You collected 80 gold pieces.

Inventory:

Hand Weapons
 a - a +0 dagger (weapon)
Armour
 e - a +0 robe (worn)
Jewellery
 h - a ring of protection from magic (left hand)
 j - a ring of protection from cold (right hand)
Scrolls
 l - a scroll of enchant weapon {unknown}
 n - a scroll of noise {unknown}
 o - a scroll of recharging {unknown}
 p - a scroll of identify {unknown}
Potions
 d - a potion of heal wounds {unknown}
 m - 2 potions of curing {unknown}
Books
 b - a book of Necromancy

   Spells                             Type                      Level
   a - Pain                           Necromancy                   1
   b - Animate Skeleton               Necromancy                   1
   c - Vampiric Draining              Necromancy                   3
   d - Regeneration                   Charms/Necromancy            3
   e - Animate Dead                   Necromancy                   4
   f - Control Undead                 Necromancy                   4
Comestibles
 c - a bread ration
 f - 3 fruits
 g - 2 royal jellies
 k - a meat ration


   Skills:
 - Level 2.1 Dodging
 - Level 2.4 Stealth
 + Level 2.5 Spellcasting
 + Level 4.9 Necromancy


You had 3 spell levels left.
You knew the following spells:

 Your Spells              Type           Power        Failure   Level  Hunger
a - Pain                  Necr           ###.         2%          1    #......
v - Vampiric Draining     Necr           ###.......   8%          3    ###....


Dungeon Overview and Level Annotations

Branches:
Dungeon (4/15)
 Temple: D:4-7

Altars:
Hepliaklqana


Innate Abilities, Weirdness & Mutations

You are resistant to damage.
You can heal yourself by infusing magical energy.
You passively map a small area around you.
You do not regenerate.


Message History

Casting: Pain
Confirm with . or Enter, or press ? or * to list all spells.
Aiming: Pain
Press: ? - help, Shift-Dir - straight line, f/p - orc priest
Aim: an orc priest, wielding a dagger and wearing a ring mail (almost dead, chance to defeat MR: 76%)
You miscast Pain.
You are very lightly contaminated with residual magic.
Nothing appears to happen.
The orc misses you. The orc priest barely misses you.
Unknown command.
Unknown command.
The orc hits you but does no damage. The orc barely misses you.
You see here 20 bolts.
The orc priest miscasts a cantrip.
The orc wizard looks encouraged for a moment.
Your magical contamination has completely faded away.
There is an open door here.
There is an open door here.
The hound bites you. The orc hits you with a club.
You die...

.........#
#...#
.....#####
#.###
..^....#
###o######
.......#
#........#
.......#
#........#
.......#
#........#
.......#
#........#
.......#
#.....ho.#
.......#
#...)..@.#
.......#
#........#
.......#
##########
########


You could see a hound, an orc wizard and an orc.

Vanquished Creatures
  A worker ant zombie (D:4)
  An adder (D:3)
  A bat (D:2)
  3 goblins
  2 jackals (D:1)
  2 kobolds (D:2)
10 creatures vanquished.

Notes
Turn   | Place    | Note
-------+----------+-------------------------------------------
     0 | D:1      | letownia2 the Deep Dwarf Necromancer began the quest for the Orb.
     0 | D:1      | Reached XP level 1. HP: 15/15 MP: 3/3
   295 | D:2      | Reached XP level 2. HP: 22/22 MP: 0/5
   346 | D:2      | Found a hazy altar of Hepliaklqana.
   555 | D:4      | Noticed an ogre
   623 | D:4      | Reached XP level 3. HP: 19/28 MP: 6/6
   628 | D:4      | Learned a level 3 spell: Vampiric Draining
   689 | D:4      | HP: 1/28 [orc priest/divine providence (10)]
   726 | D:4      | Slain by an orc

Skill      XL: |  1 |
---------------+----+-----
Spellcasting   | 2 |  2.5
Dodging        | |  2.1
Stealth        | |  2.4
Necromancy     | |  4.9

Action                   || total
-------------------------++-------
Melee: Dagger            ||    34
       Unarmed           ||     6
Throw: Throwing net      ||     1
 Cast: Pain              ||    23
Armor: Robe              ||    16
Dodge: Dodged            ||    33
